 Dungeon Crawl Stone Soup version 0.28-a0-1130-gc51a68064b (webtiles) character file.

Game seed: 7079450647186706864

126844 spiderkeys the Warrior (level 16, -3/138 HPs)
             Began as a Barachi Abyssal Knight on Dec 12, 2021.
             Was an Elder of Lugonu.
             Slain by a bunyip (55 damage)
             ... on level 1 of the Swamp on Dec 13, 2021.
             The game lasted 01:31:13 (27138 turns).

spiderkeys the Warrior (Barachi Abyssal Knight)    Turns: 27138, Time: 01:31:14

Health: -3/138     AC: 10    Str: 25    XL:     16   Next: 99%
Magic:  22/22      EV: 19    Int: 12    God:    Lugonu [****..]
Gold:   1187       SH: 12    Dex: 17    Spells: 11/15 levels left

rFire   + + +      SeeInvis .   m - +7 rapier of Integrity {freeze, Fly rF+ rCorr Str+4}
rCold   . . .      Faith    .   K - +0 kite shield
rNeg    . . .      Spirit   .   P - +0 leather armour of the Arcane {Regen+ Stlth+}
rPois   .          Reflect  .   (helmet restricted)
rElec   .          Harm     .   N - +0 cloak
rCorr   +          Rampage  .   r - +0 pair of fencer's gloves {Riposte Dex+3}
Will    +....      Clarity  +   q - +0 pair of boots
Stlth   +++++.....              g - amulet of regeneration
HPRegen 1.93/turn               O - +4 ring of protection
MPRegen 0.18/turn               W - ring "Apeniss" {Contam rF+++ Str+6 Dex-5 Slay+5}

@: flying, slow
A: amphibious, slowness 1, strong legs 2, +LOS, antennae 1, clarity
a: Hop, Renounce Religion, Depart the Abyss, Bend Space, Banish, Corrupt


You were on level 1 of the Swamp.
You worshipped Lugonu.
Lugonu was greatly pleased with you.
You visited 5 branches of the dungeon, and saw 25 of its levels.
You visited the Abyss 3 times.

You collected 3546 gold pieces.
You spent 2359 gold pieces at shops.


Innate Abilities, Weirdness & Mutations

You are amphibious.
You cover ground slowly.
You can hop long distances.
You have an extended range of vision and can be seen from far away.
You have a pair of small antennae on your head.
You possess an exceptional clarity of mind.


   Skills:
 - Level 16.0 Fighting
 - Level 13.9(14.0) Short Blades
 - Level 2.4(10.1) Long Blades
 + Level 9.4(9.6) Slings
 - Level 2.5(6.5) Throwing
 - Level 2.4 Armour
 - Level 13.0 Dodging
 + Level 9.1 Stealth
 + Level 11.5 Shields
 - Level 9.0 Invocations
 + Level 10.5 Evocations


You had 11 spell levels left.
You knew the following spells:

 Your Spells              Type           Power      Damage    Failure   Level
s - Spider Form           Tmut/Pois      0%         N/A       87%         3
z - Sandblast             Erth           0%         2d4       52%         1

Your spell library contained the following spells:

 Spells                   Type           Power      Damage    Failure   Level
 Beastly Appendage        Tmut           0%         N/A       52%         1
 Slow                     Hex            0%         N/A       52%         1
 Summon Small Mammal      Summ           0%         N/A       52%         1
 Passwall                 Tmut/Erth      0%         N/A       65%         2
 Wereblood                Tmut           0%         N/A       65%         2
 Call Canine Familiar     Summ           0%         N/A       87%         3
 Confusing Touch          Hex            0%         N/A       87%         3
 Conjure Flame            Conj/Fire      0%         6-21      87%         3
 Ignite Poison            Fire/Tmut/Pois 0%         N/A       87%         3
 Portal Projectile        Hex/Tloc       0%         N/A       87%         3
 Summon Guardian Golem    Hex/Summ       0%         N/A       87%         3
 Vampiric Draining        Necr           0%         2d6       87%         3
 Fulminant Prism          Conj/Hex       0%         3d6       99%         4
 Iskenderun's Mystic Bla  Conj/Tloc      0%         2d3       99%         4
 Leda's Liquefaction      Hex/Erth       0%         N/A       99%         4
 Olgreb's Toxic Radiance  Pois           0%         N/A       99%         4
 Sticky Flame             Conj/Fire      0%         2d3       99%         4
 Lee's Rapid Deconstruct  Erth           0%         3d5*      100%        5
 Metabolic Englaciation   Hex/Ice        0%         N/A       100%        5
 Yara's Violent Unravell  Hex/Tmut       0%         3d3       100%        5
 Iron Shot                Conj/Erth      0%         9d1       100%        6
 Orb of Destruction       Conj           0%         N/A       100%        7
 Spellforged Servitor     Conj/Summ      0%         N/A       100%        7

Inventory:

Hand Weapons
 m - the +7 rapier of Integrity (weapon) {freeze, Fly rF+ rCorr Str+4}
   (You bought it in a shop on level 2 of the Orcish Mines)

   It freezes those it strikes, dealing additional cold damage.
   It can also slow down cold-blooded creatures.
   Str:       It affects your strength (+4).
   rF:        It protects you from fire.
   Fly:       It grants you flight.
   rCorr:     It protects you from acid and corrosion.
 s - a +2 long sword of distortion
   (You took it off an orc warrior on level 2 of the Orcish Mines)
Missiles
 a - 84 poisoned darts
 h - 10 boomerangs of dispersal {=f!f}
 l - 3 silver javelins
 o - 21 boomerangs
 t - 8 silver boomerangs
 v - 14 javelins
 B - 6 curare-tipped darts {=f}
 R - 51 sling bullets
Armour
 q - a +0 pair of boots (worn)
   (You found it on level 9 of the Dungeon)
 r - the +0 pair of fencer's gloves (worn) {Riposte Dex+3}
   (You acquired it on level 13 of the Dungeon)

   It allows the wearer to riposte with melee weapons, swiftly retaliating
   against missed attacks.
   Dex:       It affects your dexterity (+3).
 K - a +0 kite shield (worn)
   (You took it off a tengu warrior on level 13 of the Dungeon)
 N - a +0 cloak (worn)
   (You found it on level 2 of the Abyss)
 P - the +0 leather armour of the Arcane (worn) {Regen+ Stlth+}
   (You found it on level 7 of the Dungeon)

   Regen:     It increases your rate of health regeneration.
   Stlth:     It makes you more stealthy.
Jewellery
 g - an amulet of regeneration (around neck)
   (You found it on level 3 of the Dungeon)
 C - a ring of protection from cold
   (You found it on level 14 of the Dungeon)
 F - a ring of fire
   (You found it on level 1 of the Abyss)
 O - a +4 ring of protection (left hand)
   (You found it on level 1 of the Dungeon)
 W - the ring "Apeniss" (right hand) {Contam rF+++ Str+6 Dex-5 Slay+5}
   (You acquired it on level 8 of the Dungeon)

   [ring of strength]

   Str:       It affects your strength (+6).
   Dex:       It affects your dexterity (-5).
   Slay:      It affects your accuracy & damage with ranged weapons and melee
   (+5).
   rF:        It renders you almost immune to fire.
   Contam:    It causes magical contamination when unequipped.
 Z - a ring of wizardry
   (You found it on level 5 of the Lair of Beasts)
Wands
 c - a wand of iceblast (8)
   (You found it on level 8 of the Dungeon)
 n - a wand of charming (16)
   (You found it on level 13 of the Dungeon)
 G - a wand of paralysis (3)
   (You found it on level 5 of the Lair of Beasts)
 J - a wand of flame (6)
   (You found it on level 6 of the Dungeon)
 M - a wand of digging (3)
   (You found it on level 5 of the Dungeon)
 Q - a wand of polymorph (2)
   (You found it on level 2 of the Lair of Beasts)
 T - a wand of mindburst (8)
   (You found it on level 6 of the Lair of Beasts)
 U - a wand of acid (12)
   (You found it on level 8 of the Dungeon)
Scrolls
 b - 4 scrolls of immolation {!r!r}
 f - 3 scrolls of amnesia
 j - 6 scrolls of teleportation {@r4}
 u - 6 scrolls of fog
 y - 2 scrolls of enchant weapon
 A - 4 scrolls of identify {@r1}
 D - 3 scrolls of fear
 I - a scroll of holy word
 X - 2 scrolls of blinking {!r}
 Y - a scroll of silence {!r}
Potions
 d - 2 potions of haste {@q3}
 e - 4 potions of brilliance
 i - 9 potions of curing {@q1}
 k - 2 potions of invisibility
 p - 7 potions of attraction {!q}
 w - a potion of might
 x - 2 potions of berserk rage {!q}
 z - a potion of cancellation
 H - 4 potions of lignification {!q}
 V - 3 potions of mutation {!q}
Miscellaneous
 E - a condenser vane
   (You found it on level 6 of the Lair of Beasts)
 L - a lightning rod (4/4)
   (You found it on level 11 of the Dungeon)
 S - a box of beasts
   (You found it on level 1 of the Swamp)

Dungeon Overview and Level Annotations

Branches:
Dungeon (15/15)            Temple (0/1) D:7            Lair (6/6) D:9
  Swamp (1/4) Lair:3       Spider (0/4) Lair:4        Slime (0/5) Lair:5
    Orc (2/2) D:12            Elf (1/3) Orc:2        Vaults (0/5) D:14
 Depths (0/4) D:15

Altars:
Dithmenos
Fedhas
Gozag
Kikubaaqudgha
Makhleb
Qazlal
Sif Muna
Wu Jian
Xom
Zin
Beogh

Shops:
D:5 [*:(   Orc:1 :   Orc:2 (*=*[

Portals:
Pandemonium: Orc:2

Annotations:
Swamp:1 3 runed translucent doors, Ziutun's ghost, adept GnGl

...♣ .≈§♣♣ †..≈♣♣♣ ♣♣♣♣
≈.≈...♣♣ ♣♣♣♣♣.≈♣♣♣♣♣♣
.....§.♣♣♣♣...≈...≈≈..♣♣♣
..♣♣♣.♣♣........^.....≈.♣
...♣♣♣♣..♣♣♣♣§≈≈♣♣♣♣....♣
...≈♣[......♣♣♣♣♣....i...i≈
.≈≈...♣♣♣♣≈.....@.≈♣ ♣♣..ii
≈≈≈......♣♣♣♣.♣x♣♣♣♣.......
.≈.)♣♣♣≈....♣..i♣....≈♣ .≈
..≈..†♣♣♣♣≈......i≈♣♣♣♣
≈≈≈.≈....♣♣♣♣♣≈♣♣♣♣♣
♣...≈≈.≈≈....♣♣♣
≈.≈...≈.≈♣♣♣. ≈...≈..≈.♣
♣....≈≈≈♣♣


You could see a bunyip (strong), a spriggan rider and a spriggan druid.


Message History

You see here a +0 spear. 😕 HP[+3]
You regained 3 hp, and now have 126/138 hp. 😕 HP[+2]
You regained 2 hp, and now have 128/138 hp.
You start resting. 😎 HP[+10]
Your hp is fully restored (138).
A swamp worm comes into view.
The swamp worm fires a harpoon shot at you.
The harpoon shot misses you. You block the swamp worm's attack.
The swamp worm bites you. The swamp worm misses you. 😕 HP[-6]
You take 6 damage, and now have 132/138 hp.
The swamp worm misses you. 😕 HP[+2]
You regained 2 hp, and now have 134/138 hp.
You hit the swamp worm but do no damage.
You block the swamp worm's attack. 😕 HP[+1]
You puncture the swamp worm! You freeze the swamp worm.
The swamp worm barely misses you.
You riposte.
You closely miss the swamp worm. 😕 HP[+1]
You puncture the swamp worm! You freeze the swamp worm. 😕 HP[+1]
You hit the swamp worm. You freeze the swamp worm.
You block the swamp worm's attack. 😎 HP[+1]
Your hp is fully restored (138).
You impale the swamp worm!! You freeze the swamp worm.
You kill the swamp worm!
Lugonu accepts your kill.
That's the wrong kind of item! (Use * to select it.) Fire/throw which item? (* to show all) (? for menu, Esc to quit)
Okay, then.
Throw: 22 boomerangs
Press: ? - help, Shift-Dir - straight line, f - spriggan druid
Aim: a spriggan druid, wielding a +0 quarterstaff and wearing a +0 robe (asleep, 98% to hit)
You throw a boomerang. The boomerang hits the spriggan druid!
The spriggan druid shouts!
A spriggan rider comes into view. It is wielding a +0 spear.
You start waiting.
A spriggan druid is nearby!
The spriggan druid gestures at you while chanting.
You block the stone arrow.
You puncture the spriggan druid! You freeze the spriggan druid.
You block the spriggan druid's attack. You block the spriggan rider's attack.
You hit the spriggan druid. You freeze the spriggan druid.
The spriggan druid hits you with a +0 quarterstaff! 😕 HP[-13]
You take 13 damage, and now have 125/138 hp.
You completely miss the spriggan druid. The spriggan rider misses you. 😕 HP[+1]
You miss the spriggan druid.
You block the spriggan druid's attack. 😕 HP[+2]
You regained 2 hp, and now have 128/138 hp.
You puncture the spriggan druid! You freeze the spriggan druid.
The spriggan rider completely misses you. 😕 HP[+1]
You miss the spriggan druid. The spriggan druid misses you. 😕 HP[+1]
You miss the spriggan druid. The spriggan rider barely misses you.
The spriggan druid barely misses you. 😕 HP[+1]
You closely miss the spriggan druid.
The spriggan rider hits you from afar with a +0 spear! 😕 HP[-6]
You take 6 damage, and now have 125/138 hp.
The spriggan shouts!
You puncture the spriggan druid! You freeze the spriggan druid.
With its final breath, the spriggan druid offers up its power to the beasts of the wild!
The bunyip seems to grow more fierce.
You kill the spriggan druid!
Lugonu accepts your kill.
You block the bunyip's attack. x2; The bunyip completely misses you. 😕 HP[+1]
The spriggan hits you with a +0 rapier.
The spriggan rider hits you from afar with a +0 spear! 😕 HP[-17]
You take 17 damage, and now have 109/138 hp.
You puncture the spriggan! You freeze the spriggan.
The spriggan misses you. 😕 HP[+1]
You puncture the spriggan! You freeze the spriggan.
You kill the spriggan!
Lugonu accepts your kill.
The spriggan rider hits you from afar with a +0 spear! 😮 HP[-12]
You take 12 damage, and now have 98/138 hp.
Things that are here:
a +0 rapier; a +0 robe; a spriggan corpse 😮 HP[+2]
You regained 2 hp, and now have 100/138 hp. 😮 HP[+2]
You regained 2 hp, and now have 102/138 hp.
The spriggan druid shouts!
You puncture the bunyip! You freeze the bunyip. The bunyip claws you!!!
* * * LOW HITPOINT WARNING * * *
You block the bunyip's attack. The bunyip claws you!!!
You die...

Skill      XL: |  1  2  3  4  5  6  7  8  9 10 11 12 13 14 15 16 |
---------------+-------------------------------------------------+-----
Short Blades   | 1 2 3 5 7 8 9 10 11 12 13 | 13.9
Fighting       | 4 5 6 8 9 10 12 14 15 16 | 16.0
Invocations    | 2 3 4 5 6 7 8 9 |  9.0
Dodging        | 2 3 4 5 6 8 10 12 13 | 13.0
Stealth        | 2 3 5 7 9 |  9.1
Shields        | 4 5 8 9 11 | 11.5
Evocations     | 4 6 8 10 | 10.5
Throwing       | 2 |  2.5
Slings         | 2 5 7 9 |  9.4
Long Blades    | |  2.4
Armour         | |  2.4

Action                   |  1- 3 |  4- 6 |  7- 9 | 10-12 | 13-15 | 16-18 || total
-------------------------+-------+-------+-------+-------+-------+-------++-------
Melee: Short sword       |   109 |   196 |   482 |   632 |   563 |       ||  1982
       Dagger            |       |       |     7 |       |       |       ||     7
       Long sword        |       |       |       |       |     5 |       ||     5
       Rapier            |       |       |       |       |   632 |   487 ||  1119
Throw: Dart              |       |       |       |     8 |    18 |     3 ||    29
       Stone             |       |       |       |     1 |       |       ||     1
       Boomerang         |       |       |       |       |     6 |     6 ||    12
Invok: Depart the Abyss  |     1 |       |       |       |     1 |     1 ||     3
       Banish            |       |       |       |    11 |     6 |     3 ||    20
       Bend Space        |       |       |       |       |     7 |     1 ||     8
       Enter the Abyss   |       |       |       |       |     1 |     1 ||     2
 Abil: Hop               |     2 |     2 |     2 |     3 |     7 |     3 ||    19
Evoke: Wand              |       |       |       |    16 |    23 |     5 ||    44
       Lightning rod     |       |       |       |     5 |    20 |       ||    25
  Use: Scroll            |     3 |     1 |     5 |    12 |     9 |     5 ||    35
       Potion            |       |       |       |     4 |     7 |     3 ||    14
 Stab: Sleeping          |       |       |    11 |     7 |    20 |     8 ||    46
       Distracted        |       |       |       |     1 |     4 |     1 ||     6
       Paralysed         |       |       |       |       |     1 |     1 ||     2
       Petrified         |       |       |       |       |     1 |       ||     1
Armor: Leather armour    |    44 |    58 |   101 |   172 |   212 |    68 ||   655
Dodge: Dodged            |    73 |   161 |   369 |   305 |   591 |   220 ||  1719
Block: Buckler           |       |       |     5 |   103 |   150 |       ||   258
       Kite shield       |       |       |       |       |   226 |   247 ||   473
       Rpst.: Short sword |       |       |       |       |    58 |       ||    58
       Long sword        |       |       |       |       |     1 |       ||     1
       Rapier            |       |       |       |       |    65 |    45 ||   110

Levels and vault maps discovered:
D:1:      onia_arrival_mini_maze_b, layout_basic, grunt_decor_fettered,
          minmay_tree_intersection, minmay_fountain_box,
          chequers_serial_rivers_marsh, minmay_hedge_maze, minmay_hexomino_c4
D:2:      layout_loops_cross, basic_altar,
          hellmonk_ecumenical_altar_pennies_from_heaven, minivault_25,
          uniq_crazy_yiuf_cottage
D:3:      layout_loops_corners, minmay_fractal_squares_diagonal_5
D:4:      layout_loops_ring, mainiacjoe_overflow_catch_the_wave,
          kennysheep_mini_moat, serial_forest, infiniplex_forest_straight_2,
          infiniplex_forest_clump_cross, infiniplex_forest_end_2,
          infiniplex_forest_clump_tiny, infiniplex_forest_lined_4_way
D:5:      minmay_goblin_kobold_castle, layout_cave_pools,
          mainiacjoe_overflow_boulevard, nicolae_qazlal_scattered_showers,
          serial_shops, shop_fountains, shop, nicolae_shop_statue_plus,
          nicolae_shop_competitors_out_of_business, minmay_misc_feat_ornament,
          uniq_sigmund
D:6:      layout_cave_pools, uniq_grinder, uniq_edmund
D:7:      layout_loops_corners, lemuel_crystal_altar,
          minmay_temple_entry_sparse_star, minmay_diced_spiral
D:8:      minmay_angry_zag, layout_loops_ring, grunt_gozag_breadcrumbs
D:9:      layout_irregular_city, mainiacjoe_overflow_brackets,
          grunt_lair_entry_orc_guard_hut, nzn_life_drinkers
D:10:     layout_layer_cave
D:11:     layout_basic, xom_redecorated, uniq_erolcha
D:12:     layout_long_grid, erik_orc_2, special_room [special_room_orc],
          st_stairs_3
D:13:     layout_roguey, hellmonk_guarded_unrand_dark_maul
D:14:     layout_loops_cross, david_vaults_2,
          nicolae_dithmenos_through_a_glass_darkly
D:15:     grunt_enter_depths_snipers, layout_long_grid, dk_noncrumbling_4
Lair:1:   dragon1_lemuel, layout_long_grid, nicolae_lair_grazing_beasts
          [nicolae_sub_lair_graze_edge, nicolae_sub_lair_graze_edge,
          nicolae_sub_lair_graze_edge, nicolae_sub_lair_graze_edge],
          infiniplex_staircase_pool
Lair:2:   layout_long_grid
Lair:3:   layout_cave_shapes, nicolae_swamp_entry_splash_gauntlet, uniq_snorg,
          uniq_rupert
Lair:4:   layout_cave_pods, spider_nest_entry_web_field, uniq_nessos
Lair:5:   layout_regular_city, minmay_slime_entry_pillars, grunt_megastairs_4,
          serial_bayou_shore_b
Lair:6:   guppyfry_lair_end_dragon, layout_hall_layers,
          hangedman_lair_in_review, grunt_forest_small_clearings,
          hangedman_lair_generics_rect
Swamp:1:  layout_basic_swamp, ebering_ghost_rock_garden, hangedman_swamp_lotus,
          infiniplex_staircase_pool_2, uniq_nikola
Orc:1:    layout_caves, serial_shops, nicolae_shop_stone, basic_altar
Orc:2:    pf_orc_diabolical, layout_caves, serial_shops, nicolae_diamond_shop,
          nicolae_orc_lava_room
Elf:1:    nicolae_elf_arrival_fired_up, layout_loops_cross, serial_shops,
          nicolae_square_shop, orc_legates, lemuel_flame_loot_1

Notes
Turn   | Place    | Note
-------+----------+-------------------------------------------
     0 | Abyss:1  | spiderkeys the Barachi Abyssal Knight began the quest for
                  | the Orb.
     0 | Abyss:1  | Reached XP level 1. HP: 18/18 MP: 2/2
     0 | Abyss:1  | magus.rc [v1.9.10]
    82 | Abyss:1  | Found a corrupted altar of Lugonu.
    89 | Abyss:1  | Found a corrupted altar of Lugonu.
   137 | Abyss:4  | Found a corrupted altar of Lugonu.
   140 | Abyss:4  | Noticed a chaos spawn
   141 | Abyss:4  | Noticed a raiju
   141 | Abyss:4  | Noticed a raiju
   161 | Abyss:4  | Noticed a starcursed mass
   164 | D:1      | You pass through the gate.
   164 | D:1      | Escaped the Abyss
   357 | D:1      | Reached skill level 1 in Short Blades
   357 | D:1      | Reached XP level 2. HP: 25/25 MP: 3/3
   562 | D:1      | Reached * piety under Lugonu
  1191 | D:1      | Reached XP level 3. HP: 30/30 MP: 4/4
  1198 | D:1      | Reached skill level 4 in Fighting
  1380 | D:2      | Reached skill level 2 in Invocations
  1397 | D:2      | Reached skill level 2 in Short Blades
  1407 | D:2      | Found a faded altar of an unknown god.
  1431 | D:2      | Reached skill level 2 in Dodging
  1560 | D:2      | You pick up a book of Dangerous Friends and begin
                  | reading...
  1560 | D:2      | You add the spells Summon Guardian Golem, Orb of
                  | Destruction and Spellforged Servitor to your library.
  1583 | D:2      | Reached XP level 4. HP: 30/37 MP: 5/5
  1915 | D:2      | Found a blossoming altar of Fedhas.
  2265 | D:3      | Reached ** piety under Lugonu
  2366 | D:3      | Reached XP level 5. HP: 33/43 MP: 6/6
  2626 | D:3      | Reached skill level 3 in Short Blades
  2876 | D:3      | You fall into a shaft and drop 3 floors!
  2882 | D:5      | Entered Level 5 of the Dungeon
  2901 | D:5      | You pick up a book of Changes and begin reading...
  2901 | D:5      | You add the spells Beastly Appendage, Wereblood and Spider
                  | Form to your library.
  2978 | D:5      | Noticed a centaur warrior zombie
  2990 | D:5      | Reached XP level 6. HP: 48/50 MP: 6/8
  2996 | D:5      | Reached skill level 3 in Dodging
  3031 | D:5      | HP: 12/50 [orc (4)]
  3037 | D:5      | Found Muuz's Book Boutique.
  3112 | D:5      | Reached skill level 5 in Fighting
  3112 | D:5      | Reached skill level 5 in Short Blades
  3112 | D:5      | Reached skill level 3 in Invocations
  3112 | D:5      | Reached XP level 7. HP: 48/56 MP: 9/9
  3118 | D:5      | Found a burning altar of Makhleb.
  3184 | D:4      | Reached *** piety under Lugonu
  3190 | D:4      | Reached skill level 4 in Dodging
  3594 | D:4      | Found an ancient bone altar of Kikubaaqudgha.
  3638 | D:4      | Found a shadowy altar of Dithmenos.
  3673 | D:4      | Found a glowing silver altar of Zin.
  4378 | D:5      | Found Foosab's Antique Weapon Shoppe.
  4406 | D:5      | Reached skill level 6 in Fighting
  4406 | D:5      | Reached XP level 8. HP: 47/64 MP: 10/10
  4482 | D:5      | Reached skill level 6 in Short Blades
  4487 | D:5      | Found a stormy altar of Qazlal.
  4504 | D:5      | Found Cuega's Assorted Antiques.
  4512 | D:5      | Bought 2 fuming yellow potions for 37 gold pieces
  4512 | D:5      | Bought a coppery potion for 18 gold pieces
  4512 | D:5      | Bought a brown potion for 18 gold pieces
  4687 | D:5      | Reached skill level 4 in Invocations
  4797 | D:5      | Noticed Sigmund
  4798 | D:5      | Found Atsam's Antique Armour Shoppe.
  4806 | D:5      | Killed Sigmund
  4807 | D:5      | Reached skill level 1 in Stealth
  4953 | D:5      | HP: 15/65 [poisoned by a kobold brigand]
  5086 | D:5      | Reached skill level 5 in Dodging
  5139 | D:5      | Reached skill level 2 in Stealth
  5190 | D:5      | Reached skill level 7 in Short Blades
  5320 | D:5      | Reached **** piety under Lugonu
  5369 | D:5      | Reached XP level 9. HP: 51/71 MP: 12/12
  5525 | D:6      | Reached skill level 7 in Fighting
  5595 | D:6      | You add the spells Conjure Flame, Ignite Poison and Sticky
                  | Flame to your library.
  5627 | D:6      | Noticed Grinder
  5652 | D:6      | Paralysed by Grinder for 3 turns
  5668 | D:6      | Killed Grinder
  5789 | D:6      | Noticed Edmund
  5809 | D:6      | Killed Edmund
  5810 | D:6      | Reached skill level 8 in Short Blades
  5810 | D:6      | Reached skill level 3 in Stealth
  5810 | D:6      | Reached skill level 5 in Invocations
  6243 | D:7      | Reached skill level 1 in Shields
  6248 | D:7      | Found a staircase to the Ecumenical Temple.
  6404 | D:7      | Reached skill level 6 in Dodging
  6404 | D:7      | Reached skill level 2 in Shields
  6527 | D:7      | Found an ornate altar of the Wu Jian Council.
  6530 | D:7      | Identified the +0 leather armour of the Arcane {Regen+
                  | Stlth+}
  6664 | D:7      | Reached skill level 3 in Shields
  7062 | D:8      | Reached skill level 8 in Fighting
  7062 | D:8      | Reached skill level 4 in Shields
  7062 | D:8      | Reached XP level 10. HP: 80/80 MP: 13/13
  7133 | D:8      | Reached ***** piety under Lugonu
  7185 | D:8      | Reached skill level 1 in Evocations
  7384 | D:8      | Found an opulent altar of Gozag.
  7541 | D:8      | Noticed a boulder beetle
  7554 | D:8      | Reached skill level 9 in Short Blades
  7554 | D:8      | Banished a boulder beetle
  7555 | D:8      | Reached skill level 7 in Dodging
  7555 | D:8      | Reached skill level 2 in Evocations
  7888 | D:8      | Identified a scroll of acquirement
  7889 | D:8      | Acquired the ring "Apeniss" {Contam rF+++ Str+6 Dex-5
                  | Slay+5}
  7974 | D:9      | Found a shimmering blue altar of Sif Muna.
  8082 | D:9      | Noticed a cyclops
  8093 | D:9      | Killed a cyclops
  8112 | D:9      | Reached skill level 9 in Fighting
  8113 | D:9      | Reached skill level 3 in Evocations
  8191 | D:9      | Found a staircase to the Lair.
  8257 | D:9      | You add the spells Sandblast, Passwall, Lee's Rapid
                  | Deconstruction and Iron Shot to your library.
  8257 | D:9      | Got the Disquisition on Clay
  8356 | D:9      | Noticed a two-headed ogre
  8387 | D:9      | Killed a two-headed ogre
  8388 | D:9      | Reached skill level 6 in Invocations
  8737 | D:10     | Entered Level 10 of the Dungeon
  8748 | D:10     | Noticed a two-headed ogre
  8761 | D:10     | HP: 11/83 [two-headed ogre (29)]
  8764 | D:10     | HP: 3/83 [two-headed ogre (15)]
  8768 | D:10     | Killed a two-headed ogre
  8769 | D:10     | Reached skill level 8 in Dodging
  8769 | D:10     | Reached skill level 4 in Evocations
  8769 | D:10     | Reached XP level 11. HP: 11/89 MP: 15/15
  8772 | D:10     | Reached skill level 10 in Short Blades
  9038 | D:10     | You pick up a book of the Hunter and begin reading...
  9038 | D:10     | You add the spells Call Canine Familiar, Portal Projectile
                  | and Leda's Liquefaction to your library.
 10081 | D:11     | Found a shimmering altar of Xom.
 10082 | D:11     | Found a shimmering altar of Xom.
 10083 | D:11     | Found a shimmering altar of Xom.
 10083 | D:11     | Found a shimmering altar of Xom.
 10084 | D:11     | Found a shimmering altar of Xom.
 10084 | D:11     | Found a shimmering altar of Xom.
 10126 | D:11     | Noticed a cyclops
 10130 | D:11     | Banished a cyclops
 10205 | D:11     | Noticed Erolcha
 10255 | D:11     | Killed Erolcha
 10256 | D:11     | Reached skill level 10 in Fighting
 10256 | D:11     | Reached skill level 5 in Evocations
 10299 | D:11     | Noticed a cyclops
 10309 | D:11     | Killed a cyclops
 10363 | D:11     | Noticed a soul eater
 10526 | D:11     | You pick up a book of Blasting and begin reading...
 10526 | D:11     | You add the spells Fulminant Prism and Iskenderun's Mystic
                  | Blast to your library.
 10684 | D:11     | Reached skill level 7 in Invocations
 11338 | D:12     | Reached skill level 6 in Evocations
 11654 | D:12     | Noticed a cyclops
 11660 | D:12     | Banished a cyclops
 11678 | D:12     | Reached XP level 12. HP: 99/99 MP: 14/17
 11774 | D:12     | Reached skill level 11 in Short Blades
 11774 | D:12     | Reached skill level 9 in Dodging
 11844 | D:12     | Noticed a boulder beetle
 11875 | D:12     | Reached skill level 11 in Fighting
 11991 | D:12     | Noticed a boulder beetle
 12589 | D:12     | Banished a boulder beetle
 12590 | D:12     | Reached skill level 7 in Evocations
 12928 | D:12     | Banished a boulder beetle
 13044 | D:12     | Reached skill level 8 in Invocations
 13103 | D:12     | Found a staircase to the Orcish Mines.
 13613 | D:13     | Noticed a two-headed ogre
 13621 | D:13     | Killed a two-headed ogre
 13622 | D:13     | Reached skill level 10 in Dodging
 13627 | D:13     | Noticed an orc warlord
 13627 | D:13     | Noticed a two-headed ogre
 13627 | D:13     | Noticed an ettin
 13627 | D:13     | Noticed an orc warlord
 13627 | D:13     | An orc warlord is wielding a +0 dire flail and wearing a +0
                  | chain mail of cold resistance. The ettin is wielding the
                  | +10 dark maul {vorpal} and a +5 vorpal great mace. An orc
                  | warlord is wielding a +1 great mace of venom and wearing a
                  | +1 chain mail of poison resistance.
 13628 | D:13     | Here: an ettin, wielding the +10 dark maul {vorpal} and a
                  | +5 vorpal great mace
 13628 | D:13     | Here: an ettin, wielding the +10 dark maul {vorpal} and a
                  | +5 vorpal great mace
 13628 | D:13     | Noticed an ettin
 13629 | D:13     | Aim: an ettin, wielding the +10 dark maul {vorpal} and a +5
                  | vorpal great mace (moderately wounded)
 13633 | D:13     | Aim: an ettin, wielding the +10 dark maul {vorpal} and a +5
                  | vorpal great mace (sparse dust, severely wounded)
 13633 | D:13     | Aim: an ettin, wielding the +10 dark maul {vorpal} and a +5
                  | vorpal great mace (sparse dust, severely wounded)
 13633 | D:13     | Killed an ettin
 13649 | D:13     | Banished an orc warlord
 13650 | D:13     | Reached skill level 12 in Fighting
 13650 | D:13     | Reached skill level 8 in Evocations
 13650 | D:13     | Banished an orc warlord
 13651 | D:13     | Gained mutation: You can hop long distances. [Barachi
                  | growth]
 13651 | D:13     | Reached XP level 13. HP: 91/108 MP: 6/19
 13662 | D:13     | Killed an ettin
 13809 | D:13     | Reached skill level 9 in Invocations
 13811 | D:13     | Acquired the +0 pair of fencer's gloves {Riposte Dex+3}
 13811 | D:13     | Found the +0 pair of fencer's gloves {Riposte Dex+3}
 13836 | D:13     | Reached skill level 11 in Dodging
 14066 | D:13     | Reached skill level 13 in Fighting
 14140 | D:13     | Acquired 1336 gold pieces
 14474 | Orc:1    | Entered Level 1 of the Orcish Mines
 14698 | D:5      | Bought encrusted pearl dragon scales for 2070 gold pieces
 14698 | D:5      | Identified the +4 pearl dragon scales "Tuthoch" {Harm rF+
                  | rN+ Regen+ Int-4} (You bought it in a shop on level 5 of
                  | the Dungeon)
 14705 | D:5      | R - the +4 pearl dragon scales "Tuthoch" {Harm rF+ rN+
                  | Regen+ Int-4, rare}
 14707 | D:5      | You drop the +4 pearl dragon scales "Tuthoch" {Harm rF+ rN+
                  | Regen+ Int-4, rare}.
 15068 | Orc:2    | Entered Level 2 of the Orcish Mines
 15071 | Orc:2    | Found a staircase to the Elven Halls.
 15352 | Orc:2    | Found Demucveth's General Store.
 15496 | Orc:1    | Found Najijo's Book Boutique.
 15509 | Orc:1    | Reached skill level 1 in Throwing
 15519 | Orc:1    | Noticed an orc warlord
 15533 | Orc:1    | Banished an orc warlord
 15622 | Orc:1    | Learned a level 3 spell: Spider Form
 15713 | Orc:2    | Found Kueck's Armour Shoppe.
 15858 | Orc:2    | HP: 24/111 [sun demon (20)]
 15858 | Orc:2    | HP: 9/111 [sun demon (3)]
 15862 | Orc:2    | Reached skill level 2 in Throwing
 15862 | Orc:2    | Reached skill level 12 in Dodging
 16254 | Orc:2    | Found Qigoivoi's General Store.
 16286 | Orc:2    | Reached skill level 5 in Shields
 16555 | Orc:2    | Reached skill level 1 in Slings
 16559 | Orc:2    | Reached skill level 14 in Fighting
 16569 | Orc:2    | HP: 22/113 [orc priest/divine providence (9)]
 16682 | Abyss:2  | Reached skill level 2 in Slings
 16682 | Abyss:2  | Reached XP level 14. HP: 120/120 MP: 20/20
 16739 | Abyss:2  | Noticed a cacodemon
 16744 | Orc:2    | You pass through the gate.
 16744 | Orc:2    | Escaped the Abyss
 16973 | Orc:2    | Reached skill level 6 in Shields
 17077 | Orc:2    | Reached skill level 3 in Slings
 17364 | Orc:2    | Found Ehexkaot's Jewellery Emporium.
 17364 | Orc:2    | Found Efeqacw's Antique Weapon Shoppe.
 17364 | Orc:2    | Found a one-way gate leading to the halls of Pandemonium.
 17524 | Orc:2    | Bought a brightly glowing rapier for 216 gold pieces
 17524 | Orc:2    | Identified the +7 rapier of Integrity {freeze, Fly rF+
                  | rCorr Str+4} (You bought it in a shop on level 2 of the
                  | Orcish Mines)
 17714 | Orc:2    | Reached skill level 4 in Slings
 18074 | D:14     | Reached skill level 7 in Shields
 18155 | D:14     | Reached skill level 13 in Dodging
 18175 | D:14     | Reached skill level 12 in Short Blades
 18346 | D:14     | Noticed a quicksilver ooze
 18346 | D:14     | a great orb of eyes changed into a quicksilver ooze
 18566 | D:14     | Found a gate to the Vaults.
 18587 | D:14     | Reached skill level 4 in Stealth
 18850 | D:13     | Reached skill level 5 in Slings
 18868 | D:13     | Reached skill level 15 in Fighting
 18890 | D:14     | Found a shadowy altar of Dithmenos.
 18915 | D:15     | Entered Level 15 of the Dungeon
 19182 | D:14     | Reached skill level 8 in Shields
 19370 | D:14     | Reached skill level 5 in Stealth
 19370 | D:14     | Reached XP level 15. HP: 62/129 MP: 21/21
 19407 | D:14     | Learned a level 1 spell: Sandblast
 19748 | D:15     | Reached skill level 6 in Slings
 19969 | D:15     | Found a staircase to the Depths.
 20250 | Lair:1   | Entered Level 1 of the Lair of Beasts
 20290 | Lair:1   | You pick up a book of the Hunter and begin reading...
 20335 | Lair:1   | Identified the +5 plate armour of the Clam {Str+2}
 20541 | Lair:1   | You add the spells Olgreb's Toxic Radiance, Yara's Violent
                  | Unravelling and Metabolic Englaciation to your library.
 20541 | Lair:1   | Got the Collected Works on Toxic Hexes
 20695 | Lair:1   | Reached skill level 13 in Short Blades
 20883 | Lair:1   | Reached skill level 6 in Stealth
 20903 | Lair:1   | Reached skill level 9 in Shields
 21113 | Lair:2   | You are sucked into a shaft and drop 2 floors!
 21216 | Lair:4   | Noticed Nessos
 21264 | Lair:4   | Killed Nessos
 21528 | Lair:4   | Found a hole to the Spider Nest.
 21983 | Lair:5   | Reached skill level 7 in Slings
 22231 | Lair:5   | Reached skill level 16 in Fighting
 22526 | Lair:5   | Found a staircase to the Slime Pits.
 22760 | Lair:6   | Entered Level 6 of the Lair of Beasts
 22959 | Lair:6   | Reached skill level 7 in Stealth
 22993 | Lair:5   | Reached XP level 16. HP: 111/138 MP: 22/22
 23103 | Lair:6   | Reached skill level 10 in Shields
 23355 | Lair:6   | Reached skill level 9 in Evocations
 23519 | Lair:6   | Reached skill level 8 in Slings
 23545 | Lair:6   | You pick up a book of Callings and begin reading...
 24206 | Lair:6   | Reached skill level 8 in Stealth
 24984 | Lair:3   | Reached ****** piety under Lugonu
 25030 | Lair:3   | Reached skill level 11 in Shields
 25167 | Lair:3   | Reached skill level 10 in Evocations
 25173 | Lair:3   | Noticed Snorg
 25198 | Lair:3   | Noticed Rupert
 25203 | Lair:3   | Killed Snorg
 25210 | Lair:3   | Killed Rupert
 25211 | Lair:3   | Reached skill level 9 in Slings
 25365 | Lair:3   | Found a staircase to the Swamp.
 26119 | Lair:2   | You pick up a book of Debilitation and begin reading...
 26119 | Lair:2   | You add the spells Slow, Vampiric Draining and Confusing
                  | Touch to your library.
 26493 | Elf:1    | Entered Level 1 of the Elven Halls
 26830 | Swamp:1  | Entered Level 1 of the Swamp
 26843 | Swamp:1  | Gained mutation: You have a pair of small antennae on your
                  | head. [potion of mutation]
 26843 | Swamp:1  | Gained mutation: You possess an exceptional clarity of
                  | mind. [potion of mutation]
 26883 | Swamp:1  | Reached skill level 9 in Stealth
 26884 | Swamp:1  | Found a runed translucent gate.
 26884 | Swamp:1  | Found a runed translucent gate.
 26884 | Swamp:1  | Found a runed translucent gate.
 26884 | Swamp:1  | Noticed Ziutun's ghost (adept GnGl)
 26907 | Swamp:1  | HP: 33/138 [swamp worm (19)]
 26908 | Swamp:1  | HP: 9/138 [swamp worm (25)]
 26921 | Abyss:1  | Found a corrupted altar of Lugonu.
 26996 | Swamp:1  | You pass through the gate.
 26996 | Swamp:1  | Escaped the Abyss
 27138 | Swamp:1  | Slain by a bunyip

Vanquished Creatures
  Rupert (Lair:3)
  A stone giant (D:15)
  Nessos (Lair:4)
  2 ettins (D:13)
  Snorg (Lair:3)
  2 fire dragons
  3 demonspawn (Orc:2)
  12 hydras
  Erolcha (D:11)
  2 boulder beetles
  3 centaur warriors
  2 catoblepae
  An anaconda (Lair:6)
  7 two-headed ogres
  5 tengu warriors
  6 death yaks
  5 orc high priests (Orc:2)
  A sun demon (Orc:2)
  2 skeletal warriors
  A goliath frog (Swamp:1)
  A sixfirhy (Orc:2)
  A swamp dragon (Lair:6)
  A spriggan druid (Swamp:1)
  3 bog bodies
  2 deep elf zephyrmancers (Elf:1)
  7 orc knights
  A lindwurm (Lair:6)
  30 ugly things
  6 orc sorcerers (Orc:2)
  5 deep elf pyromancers
  A mana viper (shapeshifter) (D:14)
  2 manticores (Lair:6)
  24 elephants
  4 cyclopes
  6 black mambas
  7 centaur zombies
  2 torpor snails (Lair:6)
  A rust devil (Abyss:2)
  2 gargoyles
  5 rime drakes
  12 cane toads
  2 unseen horrors
  10 komodo dragons
  6 kobold demonologists
  2 efreet
  A freezing wraith (D:14)
  A hellwing (Orc:2)
  10 trolls
  A meliai (shapeshifter) (D:14)
  4 polar bears
  Grinder (D:6)
  A hornet (Swamp:1)
  2 slime creatures
  19 blink frogs
  7 dream sheep
  3 shadows
  2 spriggans (Swamp:1)
  2 vampires
  45 yaks
  A water elemental (D:12)
  2 wraiths
  A yak (shapeshifter) (D:14)
  Sigmund (D:5)
  3 wyverns
  6 basilisks
  2 steam dragons (Lair:6)
  7 swamp worms
  Edmund (D:6)
  2 wargs
  4 acid dragons
  A small abomination (Abyss:2)
  50 orc warriors
  12 water moccasins
  2 swamp drakes (Lair:6)
  2 sky beasts (D:7)
  2 black bears
  6 ogres
  A wolf (Lair:6)
  11 centaurs
  11 kobold brigands
  14 bullfrogs
  7 scorpions
  A water moccasin zombie (D:5)
  2 howler monkeys
  4 wights
  5 electric eels
  5 hounds
  A bullfrog zombie (D:5)
  4 jellies
  29 orc priests
  A centaur skeleton (D:6)
  4 iguanas
  28 orc wizards
  A hell rat (Lair:6)
  A howler monkey zombie (D:9)
  16 gnolls
  7 adders
  3 shadow imps
  2 white imps
  3 worms
  5 dart slugs
  120 orcs
  5 ball pythons
  4 bats
  9 endoplasms
  4 giant cockroaches
  10 hobgoblins
  10 jackals
  6 quokkas
  5 frilled lizards
  9 goblins
  46 kobolds
  3 rats
  A fire vortex (Lair:1)
804 creatures vanquished.

Vanquished Creatures (collateral kills)
  3 yaks (Lair:4)
3 creatures vanquished.

Vanquished Creatures (others)
  An orc warrior (Orc:2)
  An orc wizard (D:12)
  2 orcs
  3 bushes (Lair:1)
  18 fungi
  54 plants
79 creatures vanquished.

Grand Total: 886 creatures vanquished

Table legend:
 A = Non-vault XP
 B = Vault XP
 C = Vault XP percentage of total XP
 D = Non-vault monster count
 E = Vault monster count
 F = Vault count percentage of total count
                 A         B        C        D         E       F
            +---------+---------+-------+---------+---------+-------
      Total |  115262 |   65944 |  36.4 |     533 |     288 |  35.1
            +---------+---------+-------+---------+---------+-------
        D:1 |      34 |      16 |  32.0 |      19 |       8 |  29.6
        D:2 |      63 |       0 |   0.0 |      25 |       0 |   0.0
        D:3 |      45 |      52 |  53.6 |      11 |      11 |  50.0
        D:4 |     296 |       0 |   0.0 |      19 |       0 |   0.0
        D:5 |    1048 |    1027 |  49.5 |      24 |      54 |  69.2
        D:6 |     308 |     453 |  59.5 |       9 |       2 |  18.2
        D:7 |     936 |     291 |  23.7 |      20 |       2 |   9.1
        D:8 |     786 |    1067 |  57.6 |      19 |       5 |  20.8
        D:9 |    1862 |     698 |  27.3 |       8 |       6 |  42.9
       D:10 |    1667 |       0 |   0.0 |      22 |       0 |   0.0
       D:11 |    4715 |    2140 |  31.2 |      26 |      16 |  38.1
       D:12 |    7551 |    1277 |  14.5 |      29 |      32 |  52.5
       D:13 |    8250 |    7781 |  48.5 |      18 |       9 |  33.3
       D:14 |   16504 |    1058 |   6.0 |      31 |       3 |   8.8
       D:15 |   11006 |    2707 |  19.7 |      23 |       3 |  11.5
     Lair:1 |    5192 |    3771 |  42.1 |      21 |      11 |  34.4
     Lair:2 |    3355 |       0 |   0.0 |      13 |       0 |   0.0
     Lair:3 |    6220 |    4846 |  43.8 |      22 |       9 |  29.0
     Lair:4 |    6340 |     504 |   7.4 |      22 |       1 |   4.3
     Lair:5 |   10558 |    1585 |  13.1 |      31 |       7 |  18.4
     Lair:6 |   14714 |   18069 |  55.1 |      34 |      43 |  55.8
    Swamp:1 |    5076 |       0 |   0.0 |      11 |       0 |   0.0
      Orc:1 |    3260 |       0 |   0.0 |      35 |       0 |   0.0
      Orc:2 |    3132 |   17011 |  84.5 |      36 |      63 |  63.6
      Elf:1 |    1222 |    1591 |  56.6 |       2 |       3 |  60.0
    Abyss:1 |     543 |       0 |   0.0 |       1 |       0 |   0.0
    Abyss:2 |     579 |       0 |   0.0 |       2 |       0 |   0.0
            +---------+---------+-------+---------+---------+-------

Illustrated notes

Table legend:
 A = Kills in this place as a percentage of kills in entire the game.
 B = Kills by you in this place as a percentage of kills by you in the entire game.
 C = Kills by friends in this place as a percentage of kills by friends in the entire game.
 D = Other kills in this place as a percentage of other kills in the entire game.
 E = Experience gained in this place as a percentage of experience gained in the entire game.
 F = Experience gained in this place divided by the number of levels of this place that you have seen.
                   A       B       C       D       E      F
               +-------+-------+-------+-------+-------+----------------------
         Total | 100.0 | 100.0 | 100.0 | 100.0 | 100.0 | 5329.6
       Dungeon |  55.3 |  55.0 |   0.0 |  80.0 |  40.6 | 4909.2
          Lair |  26.1 |  26.2 | 100.0 |   6.7 |  41.5 | 12525.7
         Swamp |   1.3 |   1.4 |   0.0 |   0.0 |   2.8 | 5076.0
  Orcish Mines |  16.3 |  16.6 |   0.0 |   6.7 |  12.9 | 11701.5
   Elven Halls |   0.6 |   0.6 |   0.0 |   0.0 |   1.6 | 2813.0
         Abyss |   0.4 |   0.2 |   0.0 |   6.7 |   0.6 | 124.7
               +-------+-------+-------+-------+-------+----------------------

Table legend: (Time is in decaauts)
 A = Elapsed time spent in this place.
 B = Non-inter-level travel time spent in this place.
 C = Inter-level travel time spent in this place.
 D = Time resting spent in this place.
 E = Time spent auto-exploring this place.
 F = Levels seen in this place.
 G = Mean time per level.
                   A        B        C        D        E       F      G
               +--------+--------+--------+--------+--------+-----+--------+
         Total |  29954 |  27204 |   2750 |   2099 |  17252 |  34 |  881.0 |
       Dungeon |  19378 |  17359 |   2019 |   1118 |  11905 |  15 | 1291.9 |
          Lair |   6833 |   6396 |    437 |    447 |   4173 |   6 | 1138.8 |
         Swamp |    231 |    231 |      0 |     37 |     49 |   1 |  231.0 |
  Orcish Mines |   2950 |   2659 |    291 |    497 |   1002 |   2 | 1475.0 |
   Elven Halls |     75 |     75 |      0 |      0 |     17 |   1 |   75.0 |
         Abyss |    486 |    486 |      0 |      0 |    105 |   9 |   54.0 |
               +--------+--------+--------+--------+--------+-----+--------+

Top non-repeatable levels by time:
    D:11: 2448 daAuts
   Orc:2: 2128 daAuts
  Lair:6: 2030 daAuts
    D:10: 1646 daAuts
     D:5: 1604 daAuts
    D:12: 1580 daAuts
     D:1: 1336 daAuts
    D:14: 1296 daAuts
    D:13: 1257 daAuts
     D:4: 1185 daAuts
     D:7: 1109 daAuts
     D:8: 1109 daAuts
  Lair:3: 1088 daAuts
     D:3: 1077 daAuts
    D:15: 1068 daAuts
